cohdb
Replays
Latest Replays
All Replays
Popular Replays
Top Player Replays
Match Explorer
How It Works
Community
CoH3 Stats
Reddit
Sign in to upload your games and track your stats! →
Sign in with Steam
Match 24836801
Unlisted
Match 24836801
Overview
Messages
Build Orders
End
Construct Barracks
Riflemen Squad
Riflemen Squad
Riflemen Squad
Construct Weapon Support Center
Grenade Package
Selects Advanced Infantry Battlegroup
Selects Convert to Ranger Squad
Construct Medical Station
Infantry Support Center
M1919 Machine Gun Team
Convert to Ranger Squad
Selects Frontline Medical Station
M1918 Browning Automatic Rifles
Convert to Ranger Squad
Advanced Logistics
Selects Infantry Assault
Riflemen Squad
Infantry Assault
Riflemen Squad
Construct Motor Pool
Riflemen Squad
Infantry Assault
Survival Training
Selects Artillery Observers
Selects M2A1 105mm Howitzer Emplacement
M1 Anti-tank Gun Team
Infantry Assault
Riflemen Squad
M8 Greyhound Armored Car
M1 Anti-tank Gun Team
Ranbs
SneaKerz
germanpritykin
LordMaceWick
0
0
Comments
sign in to comment!
No comments posted yet!